 Dungeon Crawl Stone Soup version 0.19.1-1-g22dce08 (webtiles) character file.

27576 kae the Basher (level 13, -5/105 HPs)
             Began as a Formicid Fighter on Jan 12, 2017.
             Was the Champion of Okawaru.
             Slain by Rupert
             ... wielding a +2 vampiric battleaxe
              (26 damage)
             ... on level 3 of the Lair of Beasts.
             The game lasted 00:17:09 (18176 turns).

kae the Basher (Formicid Fighter)                  Turns: 18176, Time: 00:17:10

Health: -5/105     AC: 14    Str: 29    XL:     13   Next: 66%
Magic:  19/19      EV: 12    Int:  8    God:    Okawaru [******]
Gold:   963        SH: 15    Dex: 10    Spells: 0 memorised, 12 levels left

rFire  . . .     SeeInvis +     i - +1 flail (protect)
rCold  + . .     Gourm    .     b - +0 scale mail
rNeg   . . .     Faith    .     c - +0 shield
rPois  .         Spirit   .     (helmet unavailable)
rElec  .         Reflect  .     q - +1 cloak
rCorr  +         Harm     .     N - +0 pair of gloves {Str+3}
MR     +....                    (no boots)
Stlth  +.........               (no amulet)
                                P - ring of resist corrosion
                                F - ring of protection from cold

@: lethally poisoned (-5 -> -6), heroism
A: permanent stasis, dig shafts and tunnels, four strong arms, antennae 3
a: Dig, Shaft Self, Heroism, Finesse, Renounce Religion


You were on level 3 of the Lair of Beasts.
You worshipped Okawaru.
Okawaru was exalted by your worship.
You were hungry.

You visited 3 branches of the dungeon, and saw 15 of its levels.
You also visited: Ossuary.

You collected 963 gold pieces.

Inventory:

Hand Weapons
 a - a +0 flail
 g - a +1 flail of crushing
 i - a +1 flail of protection (weapon)
Armour
 b - a +0 scale mail (worn)
 c - a +0 shield (worn)
 q - a +1 cloak (worn)
 K - the +3 pair of gloves of a labyrinth {rC+ Dex+4}
   (Okawaru gifted it to you on level 11 of the Dungeon)

   It affects your dexterity (+4).
   It protects you from cold.
 N - a +0 pair of gloves of strength (worn)
Jewellery
 F - a ring of protection from cold (left hand)
 P - a ring of resist corrosion (right hand)
Wands
 s - a wand of acid (6/15)
 t - a wand of acid (10/15)
 y - a wand of slowing (23/48)
 A - a wand of confusion (21/48)
 B - a wand of flame (34/48)
 E - a wand of polymorph (4/24)
 I - a wand of flame (35/48)
 L - a wand of paralysis (5/24)
 M - a wand of paralysis (20/24)
Scrolls
 h - 5 scrolls of remove curse
 j - 4 scrolls of amnesia
 w - a scroll of noise
 z - 2 scrolls of magic mapping
 H - 5 scrolls of enchant armour
 O - a scroll of recharging
 Q - a scroll of brand weapon {unknown}
Potions
 d - a potion of flight
 e - 7 potions of curing
 l - 3 potions of agility
 n - a potion of cancellation
 o - a potion of magic
 p - a potion of resistance
 x - 5 potions of heal wounds
 C - 2 potions of lignification
 D - 3 potions of mutation
 G - 6 potions of brilliance
Books
 m - a book of Misfortune

   Spells                             Type                      Level
   a - Confusing Touch                Hexes                        1
   b - Confuse                        Hexes                        3
   c - Gell's Gravitas                Hexes/Translocation          3
   d - Petrify                        Transmutation/Earth          4
   e - Metabolic Englaciation         Hexes/Ice                    5
   f - Yara's Violent Unravelling     Hexes/Transmutation          5
Comestibles
 f - 17 bread rations
 k - 3 slices of pizza
 r - 14 royal jellies
 u - 12 fruits
 v - 3 meat rations
 J - 6 chunks of flesh


   Skills:
 + Level 10.9(15.9) Fighting
 * Level 13.2(18.2) Maces & Flails
 + Level 10.5(15.5) Armour
 + Level 11.6(16.6) Shields
 + Level 9.3 Invocations


You had 12 spell levels left.
You didn't know any spells.

Dungeon Overview and Level Annotations

Branches:
Dungeon (11/15)            Temple (1/1) D:7            Lair (3/6) D:11
 Shoals (0/4) Lair:2
  Snake: Lair:2-4    Spider: Lair:2-4       Orc: D:9-12

Altars:
Ashenzari
Cheibriados
Dithmenos
Elyvilon
Fedhas
Gozag
Hepliaklqana
Kikubaaqudgha
Makhleb
Nemelex Xobeh
Okawaru
Qazlal
Ru
Sif Muna
Trog
Uskayaw
Vehumet
Xom
Yredelemnul
Zin
The Shining One

Shops:
D:7 !   D:10 [

Annotations:
Lair:3 Rupert


Innate Abilities, Weirdness & Mutations

You are under a permanent stasis effect.
You can dig through walls and to a lower floor.
Your four strong arms can wield two-handed weapons with a shield.
You have a pair of large antennae on your head. (SInv)


Message History

The basilisk gazes at you.
You easily resist.
Rupert completely misses you. The basilisk bites you.
Rupert hits you with a vampiric battleaxe!!
The basilisk bites you but does no damage.
Rupert hits you with a vampiric battleaxe!!
The basilisk bites you.
Rupert hits you with a vampiric battleaxe!!
* * * LOW HITPOINT WARNING * * *
You turn to flesh and can move again.
Unknown command.
Unknown command.
Unknown command.
Unknown command.
Unknown command.
Are you sure you want to shaft yourself?
You are feeling hungry.
You feel sick.
Rupert hits you with a vampiric battleaxe!!
You die...

.≈≈≈≈≈. ≈≈≈≈≈≈. ≈≈≈≈≈..
...# .. .≈≈≈≈.. #..#
..... ..... #..# #.....
## #...####..#####...#
.P.#P..@.......##....#
......l@.............##
.....................P#
.....................#
###..>..##....#......#
#P.....#....##.....#
#P......##....#.....##
###.....##...##......##
#......##...###.......
#####.####### ######..


You could see Rupert (berserk) and a basilisk.

Vanquished Creatures
  A hydra (Lair:1)
  The ghost of bananaglory the Cleaver, a novice DDFi of Makhleb (D:10)
  The ghost of terep12 the Carver, a journeyman GrBe of Trog (D:11)
  The ghost of Blixahr the Spear-Bearer, a novice DsGl of Fedhas (D:8)
  3 hill giants
  A centaur zombie (D:10)
  Maurice (D:8)
  A black mamba (Lair:1)
  4 elephants (Lair:2)
  Joseph (D:7)
  2 spiny frogs
  A rime drake (Lair:1)
  4 komodo dragons
  A queen bee (Lair:2)
  3 trolls (D:11)
  Prince Ribbit (D:6)
  A polar bear (Lair:3)
  9 blink frogs (Lair:2)
  5 hippogriffs
  Sigmund (D:4)
  3 wyverns
  29 yaks
  A spriggan (D:7)
  2 hungry ghosts (D:11)
  A basilisk (D:9)
  The ghost of kae the Shield-Bearer, an amateur FoFi (D:4)
  5 swamp worms (Lair:2)
  A mottled dragon (D:11)
  Edmund (D:5)
  9 water moccasins
  Duvessa (D:4)
  6 porcupines
  An orc warrior (D:10)
  3 ice beasts
  3 sky beasts
  A black bear (D:10)
  An eye of draining (D:10)
  A necrophage (D:5)
  3 ogres
  A phantom (D:8)
  4 centaurs
  8 crocodiles
  3 big kobolds
  12 bullfrogs
  3 water moccasin zombies (Ossuary)
  4 scorpions
  Dowan (D:4)
  25 killer bees (Lair:2)
  4 wights (D:11)
  6 howler monkeys
  8 crimson imps
  9 hounds
  A quasit (D:6)
  A bullfrog skeleton (D:8)
  4 jellies
  8 orc priests
  3 centaur skeletons
  6 iguanas
  Terence (D:2)
  14 orc wizards
  4 worker ants
  A big kobold zombie (Ossuary)
  2 hound skeletons
  2 mummies (Ossuary)
  Robin (D:3)
  A howler monkey zombie (D:6)
  7 gnolls
  A howler monkey skeleton (D:10)
  8 adders
  A shadow imp (D:9)
  An ooze (D:5)
  3 adder skeletons
  5 adder zombies (Ossuary)
  17 worms
  5 dart slugs
  5 leopard geckos
  42 orcs
  A ball python (D:1)
  4 bats (D:3)
  3 giant cockroaches
  4 gnoll zombies (Ossuary)
  10 goblins
  6 hobgoblins
  12 jackals
  2 quokkas
  A frilled lizard (D:1)
  5 hobgoblin zombies (Ossuary)
  25 kobolds
  5 kobold zombies (Ossuary)
  A leopard gecko skeleton (D:7)
  6 orc zombies (Ossuary)
  7 rats
440 creatures vanquished.

Vanquished Creatures (others)
  A jackal (D:4)
  3 fungi (Lair:2)
  4 plants (Lair:2)
8 creatures vanquished.

Grand Total: 448 creatures vanquished

Notes
Turn   | Place    | Note
-------+----------+-------------------------------------------
     0 | D:1      | kae the Formicid Fighter began the quest for the Orb.
     0 | D:1      | Reached XP level 1. HP: 18/18 MP: 1/1
     2 | D:1      | Noticed a mottled draconian
     5 | D:1      | Noticed an ice dragon
     6 | D:1      | Noticed an iron dragon
     7 | D:1      | Noticed an orb of fire
     8 | D:1      | Noticed an ice dragon
    10 | D:1      | Noticed a large abomination
    10 | D:1      | Noticed an ice dragon
    12 | D:1      | Noticed an iron dragon
    12 | D:1      | Noticed an orb of fire
    14 | D:1      | Noticed a large abomination
    14 | D:1      | Noticed a tentacled monstrosity
    14 | D:1      | Noticed a shadow dragon
    16 | D:1      | Noticed a shadow dragon
    18 | D:1      | Noticed a shadow dragon
    20 | D:1      | Noticed an orb of fire
   287 | D:1      | Reached XP level 2. HP: 24/24 MP: 2/2
   899 | D:2      | Reached XP level 3. HP: 23/29 MP: 3/3
  1404 | D:2      | Noticed Terence
  1421 | D:2      | Killed Terence
  1421 | D:2      | Reached XP level 4. HP: 12/37 MP: 4/4
  1691 | D:3      | Reached skill level 3 in Maces & Flails
  1707 | D:3      | Reached XP level 5. HP: 24/42 MP: 5/5
  1937 | D:3      | Noticed Robin
  1985 | D:3      | Killed Robin
  2492 | D:4      | Reached skill level 4 in Maces & Flails
  2492 | D:4      | Reached XP level 6. HP: 39/49 MP: 6/6
  2649 | D:4      | Noticed kae's ghost (amateur FoFi)
  2659 | D:4      | Killed kae's ghost
  2659 | D:4      | Reached skill level 5 in Shields
  2665 | D:4      | Reached XP level 7. HP: 35/55 MP: 7/7
  2961 | D:4      | Noticed Sigmund
  2974 | D:4      | Killed Sigmund
  2974 | D:4      | Reached skill level 5 in Fighting
  2974 | D:4      | Reached skill level 5 in Maces & Flails
  2985 | D:4      | Noticed Duvessa
  2987 | D:4      | Noticed Dowan
  3175 | D:4      | Reached skill level 5 in Armour
  3183 | D:4      | Killed Dowan
  3183 | D:4      | Reached XP level 8. HP: 53/62 MP: 8/8
  3197 | D:4      | Killed Duvessa
  3531 | D:5      | Entered Level 5 of the Dungeon
  3572 | D:5      | Reached skill level 6 in Maces & Flails
  3660 | D:5      | Noticed Edmund
  3683 | D:5      | Killed Edmund
  3710 | D:5      | Found a sacrificial altar of Ru.
  4606 | D:6      | Reached XP level 9. HP: 60/67 MP: 9/9
  4658 | D:6      | Noticed Prince Ribbit
  4994 | D:6      | Reached skill level 7 in Maces & Flails
  5300 | D:6      | Killed Prince Ribbit
  5935 | D:7      | Found a staircase to the Ecumenical Temple.
  5940 | Temple   | Entered the Ecumenical Temple
  6081 | Temple   | Became a worshipper of Warmaster Okawaru
  6154 | D:7      | Reached skill level 1 in Invocations
  6278 | D:7      | Found Otarilal's Distillery.
  6355 | D:7      | Reached skill level 8 in Maces & Flails
  6596 | D:7      | Noticed Joseph
  6610 | D:7      | Killed Joseph
  6610 | D:7      | Reached * piety under Okawaru
  6610 | D:7      | Reached XP level 10. HP: 71/77 MP: 10/12
  7138 | D:8      | Found a sand-covered staircase.
  7169 | Ossuary  | Entered an ossuary
  7354 | Ossuary  | Reached ** piety under Okawaru
  7538 | D:8      | Noticed Maurice
  7542 | D:8      | Noticed Blixahr's ghost (novice DsGl)
  7564 | D:8      | Killed Maurice
  7586 | D:8      | Killed Blixahr's ghost
  7586 | D:8      | Reached skill level 9 in Maces & Flails
  8246 | D:8      | Reached *** piety under Okawaru
  8611 | D:9      | Reached skill level 5 in Invocations
  8611 | D:9      | Reached XP level 11. HP: 54/84 MP: 14/14
  8935 | D:9      | Reached **** piety under Okawaru
  9206 | D:9      | Reached skill level 10 in Maces & Flails
  9491 | D:9      | HP: 2/87 [basilisk (15)]
  9864 | D:10     | Entered Level 10 of the Dungeon
 10352 | D:10     | Reached ***** piety under Okawaru
 10545 | D:10     | Found Uwnixt's Antique Armour Shoppe.
 10802 | D:10     | Noticed a hill giant
 10815 | D:10     | Killed a hill giant
 10815 | D:10     | Reached skill level 10 in Shields
 10835 | D:10     | Noticed bananaglory's ghost (novice DDFi)
 10857 | D:10     | Killed bananaglory's ghost
 10857 | D:10     | Reached skill level 11 in Maces & Flails
 10857 | D:10     | Reached XP level 12. HP: 32/95 MP: 16/16
 11299 | D:11     | Received a gift from Okawaru
 11313 | D:11     | Noticed terep12's ghost (journeyman GrBe)
 11408 | D:11     | Killed terep12's ghost
 11431 | D:11     | Got a pair of scorched gloves {god gift}
 11535 | D:11     | Identified the +3 pair of gloves of a labyrinth {rC+ Dex+4} (Okawaru gifted it to you on level 11 of the Dungeon)
 11712 | D:11     | HP: 4/97 [yak (10)]
 12305 | D:11     | Found a staircase to the Lair.
 12432 | D:11     | Reached skill level 10 in Fighting
 13046 | Lair:1   | Entered Level 1 of the Lair of Beasts
 13378 | Lair:1   | Reached skill level 12 in Maces & Flails
 13411 | Lair:1   | Noticed a four-headed hydra
 13422 | Lair:1   | Killed a four-headed hydra
 14141 | Lair:1   | Reached XP level 13. HP: 103/103 MP: 19/19
 14932 | Lair:2   | Reached skill level 10 in Armour
 15335 | Lair:2   | Reached ****** piety under Okawaru
 15875 | Lair:2   | Found a staircase to the Shoals.
 16584 | Lair:2   | Reached skill level 13 in Maces & Flails
 17885 | Lair:3   | Received a gift from Okawaru
 18166 | Lair:3   | Noticed Rupert
 18176 | Lair:3   | Slain by Rupert

Skill      XL: |  1  2  3  4  5  6  7  8  9 10 11 12 13 |
---------------+----------------------------------------+-----
Shields        | 4 5 6 7 9 10 11 | 11.6
Fighting       | 4 5 6 7 8 9 10 | 10.9
Maces & Flails | 3 4 5 6 8 9 11 12 13 | 13.2
Armour         | 4 5 6 7 9 10 | 10.5
Invocations    | 2 5 6 8 9 |  9.3

Action                   |  1- 3 |  4- 6 |  7- 9 | 10-12 | 13-15 || total
-------------------------+-------+-------+-------+-------+-------++-------
Melee: Flail             |    84 |   167 |   417 |  1182 |   549 ||  2399
       Unarmed           |       |       |     8 |       |       ||     8
Invok: Heroism           |       |       |       |    12 |     7 ||    19
 Abil: Dig               |     1 |     1 |     2 |    11 |    10 ||    25
       Shaft Self        |       |       |       |       |     1 ||     1
Evoke: Wand              |       |       |     1 |       |       ||     1
  Use: Scroll            |     4 |     2 |    10 |     5 |     2 ||    23
       Potion            |       |       |     1 |     3 |       ||     4
  Eat: Chunk             |     2 |     4 |    13 |    24 |    14 ||    57
       Meat ration       |       |       |       |     1 |       ||     1
       Royal jelly       |       |       |       |     1 |       ||     1
Armor: Scale mail        |    25 |    92 |   137 |   377 |   122 ||   753
Dodge: Dodged            |    17 |    61 |   109 |   315 |   166 ||   668
Block: Shield            |    39 |   109 |   192 |   510 |   257 ||  1107
